 Dungeon Crawl Stone Soup version 0.31-a0-150-g89dc3ad700 (webtiles) character file.

Game seed: 10255193783975672123

466 pokeman the Magician (level 6, -9/33 (34) HPs)
             Began as a Deep Elf Hedge Wizard on June 8, 2023.
             Mangled by a wight
             ... wielding a +0 battleaxe
              (18 damage)
             ... on level 4 of the Dungeon.
             The game lasted 00:08:23 (3458 turns).

pokeman the Magician (Deep Elf Hedge Wizard)        Turns: 3458, Time: 00:08:24

HP:   -9/33 (34)    AC:  3    Str: 13    XL:     6   Next: 81%
MP:   17/18         EV: 13    Int: 21    God:
Gold: 143           SH:  0    Dex: 14    Spells: 6/19 levels left

rFire   . . .        k - +1 short sword (elec)
rCold   . . .        (no shield)
rNeg    . . .        b - +0 robe
rPois   .            c - +0 hat
rElec   .            m - +0 cloak
rCorr   .            (no gloves)
SInv    .            (no boots)
Will    .....        e - amulet of magic regeneration
Stlth   ++           p - ring of flight
HPRegen 0.25/turn    u - +6 ring of strength
MPRegen 0.56/turn

%: no passive effects
@: on blink cooldown, flying, lightly drained
A: no striking features
a: no special abilities


You were on level 4 of the Dungeon.
You visited 1 branch of the dungeon, and saw 4 of its levels.

You collected 143 gold pieces.

Inventory:

Hand Weapons
 k - a +1 short sword of electrocution (weapon)
 l - a +4 quarterstaff of chaos
Missiles
 q - 5 curare-tipped darts
 w - a throwing net
Armour
 b - a +0 robe (worn)
 c - a +0 hat (worn)
 m - a +0 cloak (worn)
Magical Staves
 j - a staff of earth
Jewellery
 e - an amulet of magic regeneration (around neck)
 p - a ring of flight (left hand)
 u - a +6 ring of strength (right hand)
Wands
 t - a wand of roots (4)
Scrolls
 f - 3 scrolls of identify {unknown}
 h - a scroll of enchant armour {unknown}
 r - 2 scrolls of poison {unknown}
 y - a scroll of magic mapping {unknown}
Potions
 a - a potion of heal wounds {unknown}
 d - a potion of magic
 g - a potion of mutation {unknown}
 i - a potion of haste {unknown}
 n - a potion of ambrosia {unknown}
 o - a potion of berserk rage {unknown}
 s - a potion of lignification {unknown}
 v - a potion of might
 x - a potion of curing {unknown}


   Skills:
 - Level 1.2 Fighting
 - Level 1.2 Armour
 - Level 3.1 Dodging
 - Level 3.0 Stealth
 * Level 7.3 Spellcasting
 + Level 3.5 Conjurations
 - Level 1.1 Summonings
 - Level 1.1 Translocations
 - Level 1.2 Ice Magic
 + Level 0.5 Air Magic
 + Level 0.6 Earth Magic
 - Level 1.0 Poison Magic
 - Level 1.0 Evocations


You had 6 spell levels left.
You knew the following spells:

 Your Spells              Type           Power      Damage    Failure   Level
a - Magic Dart            Conj           88%        1d7       1%          1
b - Mephitic Cloud        Conj/Pois/Air  14%        N/A       13%         3
c - Call Imp              Summ           24%        N/A       9%          2
d - Blink                 Tloc           24%        N/A       9%          2
e - Freezing Cloud        Conj/Ice/Air   7%         6-21      75%         5

Your spell library contained the following spells:

 Spells                   Type           Power      Damage    Failure   Level
 Slow                     Hex            28%        N/A       9%          1
 Cigotuvi's Dreadful Rot  Necr/Pois/Air  18%        N/A       11%         2
 Sublimation of Blood     Necr           7%         N/A       13%         2
 Ignite Poison            Fire/Tmut/Pois 9%         N/A       22%         3
 Petrify                  Tmut/Erth      9%         N/A       58%         4
 Irradiate                Conj/Tmut      7%         3d14      75%         5


Dungeon Overview and Level Annotations

Branches:
Dungeon (4/15)
 Temple: D:4-7

Altars:
Makhleb
Ru
Uskayaw


Message History

The wight attacks as you move away! The wight hits you with a +0 battleaxe!
Casting: Call Imp (safe; 9% risk of failure)
Confirm with . or Enter, or press ? or * to list all spells.
A tiny devil pulls itself out of the air.
The wight barely misses you. The wight attacks as you move away!
The wight completely misses you.
Your cerulean imp hits the wight but does no damage.
Your cerulean imp hits the wight but does no damage.
Your cerulean imp hits the wight from afar with a -3 spear.
The wight attacks as you move away! The wight misses you.
Your cerulean imp barely misses the wight.
Something barely misses your cerulean imp.
Your cerulean imp barely misses the wight.
Casting: Call Imp (safe; 9% risk of failure)
Confirm with . or Enter, or press ? or * to list all spells.
You blink.
Your cerulean imp hits the wight but does no damage.
The wight hits your cerulean imp with a +0 scimitar!
Your cerulean imp dies!
Your cerulean imp disappears in a puff of smoke!
The wight hits you with a +0 battleaxe! The wight attacks as you move away!
The wight hits you with a +0 battleaxe.
* * * LOW HITPOINT WARNING * * *
You feel drained.
* * * LOW HITPOINT WARNING * * *
You feel stable enough to blink again. The wight closely misses you.
Casting: Blink (safe; 9% risk of failure)
Confirm with . or Enter, or press ? or * to list all spells.
You blink.
Aiming: Fastroot
Press: ? - help, Shift-Dir - straight line, f - wight, p - wight
Aim: a wight, wielding a +2 hand axe of freezing and wearing a +0 robe The roots erupt in riotous growth!
Roots grab the wight. x3
The grasping roots constrict the wight.
The grasping roots constrict the wight!
The grasping roots constrict the wight.
The wight barely misses you.
The wight hits you with a +0 battleaxe!!
Ouch! That really hurt!
You die...

.........#...##.....##....#######
##.......#...z............#......
#.......#....5...........#......
#.......#................#......
#.......#..######..##+####......
####....#..###.##..##....#......
#....'...#.....÷......#......
#....#...#...z.....>..#......
#....#)..#..@z........#......
#....#...#...z........#......
#....#...#...§........#......
###....##'###.###.##..###
#...........#.#########
#...........#.........
#...........#.........
#...........#.........
#...........#.........


You could see 3 wights.

Vanquished Creatures
  An ogre (D:4)
  A scorpion (D:4)
  2 orc priests
  A jelly (D:4)
  An iguana (D:4)
  An orc wizard (D:4)
  4 adders
  3 gnolls (D:3)
  4 dart slugs
  6 orcs
  7 ball pythons
  A bat (D:3)
  8 endoplasms
  2 giant cockroaches
  3 goblins
  7 hobgoblins
  2 quokkas (D:1)
  5 frilled lizards
  13 kobolds
  5 rats
77 creatures vanquished.

Vanquished Creatures (collateral kills)
  Crazy Yiuf (D:2)
1 creature vanquished.

Grand Total: 78 creatures vanquished

Notes
Turn   | Place    | Note
-------+----------+-------------------------------------------
     0 | D:1      | pokeman the Deep Elf Hedge Wizard began the quest for the
                  | Orb.
     0 | D:1      | Reached XP level 1. HP: 10/10 MP: 7/7
   295 | D:1      | Reached XP level 2. HP: 16/16 MP: 5/9
   813 | D:1      | Reached skill level 5 in Spellcasting
   883 | D:1      | Reached XP level 3. HP: 20/20 MP: 8/11
   891 | D:1      | Learned a level 3 spell: Mephitic Cloud
   894 | D:1      | Learned a level 2 spell: Call Imp
   897 | D:1      | Learned a level 2 spell: Blink
  1314 | D:2      | Reached skill level 1 in Fighting
  1338 | D:2      | Found a faded altar of an unknown god.
  1436 | D:2      | Reached skill level 1 in Armour
  1469 | D:2      | Reached XP level 4. HP: 25/25 MP: 11/13
  1680 | D:2      | Found a runed translucent door.
  1681 | D:2      | Noticed Crazy Yiuf
  1817 | D:2      | Killed Crazy Yiuf
  1961 | D:3      | Found a burning altar of Makhleb.
  1961 | D:3      | Noticed a blizzard demon
  2213 | D:3      | Reached skill level 6 in Spellcasting
  2213 | D:3      | Reached XP level 5. HP: 17/29 MP: 9/15
  2338 | D:3      | Learned a level 5 spell: Freezing Cloud
  2565 | D:3      | Found a hide-covered altar of Uskayaw.
  2667 | D:3      | Found a sacrificial altar of Ru.
  2995 | D:4      | Reached skill level 1 in Evocations
  2995 | D:4      | Reached XP level 6. HP: 31/34 MP: 12/17
  3144 | D:4      | Reached skill level 7 in Spellcasting
  3144 | D:4      | Reached skill level 1 in Ice Magic
  3144 | D:4      | Reached skill level 1 in Poison Magic
  3458 | D:4      | Mangled by a wight

Illustrated notes

Levels and vault maps discovered:
D:1:      evilmike_arrival_hilbert_curve, layout_loops_corners
D:2:      layout_rooms, chequers_ecumenical_altar_simple_redux,
          uniq_crazy_yiuf_cottage
D:3:      layout_loops_ring, lemuel_coloured_pillars_altar,
          makhleb_altar_promises_db, mainiacjoe_overflow_alcove_2,
          grunt_decor_clamped, grunt_decor_mini_mirrors, minivault_5
D:4:      layout_gridville, serial_shops, nicolae_shop_industrial_runoff

Skill      XL: |  1  2  3  4  5  6 |
---------------+-------------------+-----
Spellcasting   | 5 6 7 |  7.3
Fighting       | 1 |  1.2
Conjurations   | 2 3 |  3.5
Armour         | 1 |  1.2
Stealth        | 3 |  3.0
Dodging        | 3 |  3.1
Evocations     | 1 |  1.0
Ice Magic      | 1 |  1.2
Poison Magic   | 1 |  1.0
Summonings     | |  1.1
Translocations | |  1.1
Air Magic      | |  0.5
Earth Magic    | |  0.6

Action                     |  1- 3 |  4- 6 || total
---------------------------+-------+-------++-------
  Melee: Dagger            |     5 |       ||     5
         Short sword       |       |    33 ||    33
         Punch             |       |     1 ||     1
   Cast: Magic Dart        |   115 |    81 ||   196
         Mephitic Cloud    |       |    11 ||    11
         Call Imp          |       |     5 ||     5
         Blink             |       |     2 ||     2
  Evoke: Wand              |       |     1 ||     1
   Stab: Distracted        |     1 |       ||     1
         Sleeping          |       |     1 ||     1
         Confused          |       |     2 ||     2
 Armour: Robe              |     2 |     6 ||     8
  Dodge: Dodged            |    13 |    23 ||    36

Table legend: (Time is in decaauts)
 A = Elapsed time spent in this place.
 B = Non-inter-level travel time spent in this place.
 C = Inter-level travel time spent in this place.
 D = Time resting spent in this place.
 E = Time spent auto-exploring this place.
 F = Levels seen in this place.
 G = Mean time per level.
                   A        B        C        D        E       F      G
               +--------+--------+--------+--------+--------+-----+--------+
         Total |   3455 |   3349 |    106 |      2 |   2767 |   4 |  863.8 |
       Dungeon |   3455 |   3349 |    106 |      2 |   2767 |   4 |  863.8 |
               +--------+--------+--------+--------+--------+-----+--------+

Top non-repeatable levels by time:
     D:1: 1217 daAuts
     D:3: 1017 daAuts
     D:2: 680 daAuts
     D:4: 539 daAuts
